AoeStats
← Deadpool865041

Arena

510450341Analyzed
2v2 RM · 3d ago on Oct 1, 2026· 41m 0s· 4 players
Game mode
Random Map
Map size
Medium (4 player)
Population
200
Speed
Normal
Resources
Standard
Victory
Conquest
Starting age
Dark Age
Ending age
Imperial Age
RankedLock teamsTeams togetherTeam positionsShared explorationLock speedFull tech treeHidden civsTurbo modeCheats
Victory
Defeat
🇺🇸 Lithuanians · United States
887
+19
🇲🇽 Bohemians · Mexico
825
+21
🇧🇷 Huns · Brazil
954
-57
🇧🇷 Teutons · Brazil
954
-57
Deadpool865041
5:29 Loom
11:42 Feudal Age
16:00 Castle Age
29:18 Chemistry
28:34 Fletching
34:53 Imperial Age
34:45 Wagenburg Tactics
40:52 Hussite Reforms
TheBulAb69
0:28 Loom
14:23 Feudal Age
15:04 Horse Collar
15:10 Double-Bit Axe
23:08 Castle Age
21:44 Bloodlines
21:35 Gold Mining
22:01 Stone Mining
23:55 Heavy Plow
24:07 Bow Saw
24:57 Stone Shaft Mining
25:04 Wheelbarrow
25:37 Town Watch
27:15 Hand Cart
27:29 Fervor
27:35 Fervor
31:47 Imperial Age
30:04 Forging
29:59 Scale Barding Armor
31:43 Iron Casting
31:54 Husbandry
32:02 Cavalier
32:08 Cavalier
33:11 Chain Barding Armor
32:43 Fletching
34:47 Bodkin Arrow
35:29 Plate Barding Armor
35:35 Paladin
36:18 Town Patrol
39:37 Conscription
viperdaniel
10:41 Feudal Age
17:47 Castle Age
24:51 Scale Mail Armor
28:03 Horse Collar
28:12 Double-Bit Axe
31:36 Wheelbarrow
35:02 Imperial Age
36:08 Conscription
36:30 Squires
38:37 Pikeman
rafael.monegat
11:15 Feudal Age
13:11 Wheelbarrow
13:49 Double-Bit Axe
15:01 Horse Collar
18:47 Castle Age
18:25 Scale Barding Armor
18:32 Forging
22:19 Chain Barding Armor
22:35 Iron Casting
21:38 Light Cavalry
22:20 Husbandry
23:00 Gold Mining
28:20 Bloodlines
33:59 Imperial Age
32:25 Bow Saw
32:17 Heavy Plow
32:17 Pikeman
32:58 Squires
34:33 Cavalier
36:22 Gold Shaft Mining
38:15 Hand Cart
Connection lost

Rejoining the realm…

Still unreachable

The connection could not be restored.

Session expired

The server has moved on; the page needs a fresh start.